Map: King's Cove LE

Players

Lambo

  • Race: Zerg Zerg
  • League: Grandmaster
  • Spawn Location: 11:00

llllllllllll (Stats) - Winner!

  • Race: Protoss Protoss
  • League: Grandmaster
  • Spawn Location: 5:00

Event: HomeStory Cup XIX

VOD

Have the link to the VOD?

Description

Time

  • Played on: June 29, 2019, 9:22 a.m.
  • Length: 9:42

All games in this series

Show
View Real Time Build Order
Export as new Build Order

Lambo Zerg 

Build Orders: Hatch First 

Get SALT Encoding   

  12  0:00  Drone  
  13  0:12  Overlord  
  13  0:17  Drone  
  14  0:30  Drone x2  
  16  0:49  Hatchery  
  15  0:52  Drone  
  15  0:56  Drone  
  17  0:59  Drone  
  18  1:10  Extractor  
  17  1:14  Spawning Pool  
  16  1:18  Drone  
  16  1:21  Drone  
  18  1:28  Drone  
  19  1:39  Drone  
  20  1:51  Overlord  
  20  2:00  Queen x2  
  24  2:01  Zergling x4  
  26  2:11  Drone  
  26  2:13  Metabolic Boost, Drone  
  28  2:24  Drone x2  
  30  2:37  Hatchery  
  30  2:41  Drone  
  30  2:42  Drone  
  31  2:46  Drone  
  31  2:49  Overlord  
  32  2:56  Queen  
  34  3:03  Drone x2  
  36  3:10  Drone x2  
  36  3:12  Drone x2  
  40  3:13  Overlord  
  40  3:21  Overlord  
  40  3:22  Drone x2  
  40  3:26  Drone  
  42  3:30  Overlord  
  42  3:33  Queen  
  44  3:36  Drone  
  44  3:39  Spore Crawler  
  44  3:44  Drone x3  
  47  3:49  Spore Crawler, Zergling x2  
  47  3:51  Zergling x2  
  47  3:53  Zergling x2  
  47  3:55  Drone  
  50  4:00  Queen  
  52  4:05  Drone  
  52  4:06  Drone x2  
  55  4:11  Spore Crawler  
  55  4:12  Drone x2  
  55  4:14  Drone  
  55  4:16  Overlord  
  57  4:21  Drone x3  
  60  4:27  Drone x3  
  60  4:28  Drone x2  
  65  4:33  Overlord  
  65  4:39  Roach Warren, Drone  
  65  4:40  Drone  
  65  4:45  Lair  
  66  4:47  Extractor, Drone x2  
  66  4:48  Extractor  
  66  4:50  Drone x2  
  66  4:51  Drone  
  69  4:53  Drone  
  69  4:55  Overlord  
  69  4:59  Drone x3  
  70  5:00  Drone  
  70  5:06  Drone  
  72  5:07  Drone x2  
  72  5:10  Overlord  
  72  5:14  Overlord  
  74  5:17  Extractor  
  74  5:18  Overlord  
  73  5:21  Drone x6  
  73  5:24  Drone x2  
  73  5:25  Drone  
  73  5:27  Drone  
  73  5:28  Drone  
  81  5:32  Drone  
  81  5:34  Drone x2  
  82  5:38  Extractor x2  
  82  5:40  Drone  
  75  5:44  Drone  
  76  5:50  Drone x3  
  76  5:51  Hydralisk Den  
  76  5:52  Drone x2  
  76  5:53  Baneling Nest  
  80  5:57  Drone  
  80  6:00  Hatchery  
  79  6:04  Drone x3  
  79  6:05  Drone x2  
  79  6:10  Overseer  
  83  6:21  Hydralisk x6  
  83  6:25  Overlord  
  95  6:29  Muscular Augments  
  95  6:31  Roach  
  98  6:32  Zergling x2  
  98  6:33  Zergling x2  
  98  6:39  Roach x3  
  105  6:41  Overlord  
  105  6:42  Baneling x2  
  105  6:43  Baneling x3  
  105  6:53  Overlord x3  
  105  7:02  Overlord  
  105  7:05  Overlord  
  105  7:07  Overlord, Ravager x2  
  107  7:10  Overlord  
  107  7:12  Centrifical Hooks  
  107  7:13  Overlord  
  107  7:14  Infestation Pit  
  106  7:16  Zergling x4  
  106  7:17  Zergling x18  
  106  7:20  Zergling x2  
  113  7:27  Hydralisk x2  
  117  7:33  Zergling x8  
  117  7:34  Hatchery  
  118  7:37  Zergling x2  
  118  7:38  Ravager  
  118  7:39  Hydralisk x2  
  118  7:41  Grooved Spines  
  118  7:43  Hydralisk x4  
  129  7:46  Roach  
  129  7:47  Roach  
  129  7:48  Roach  
  124  7:53  Roach  
  124  7:56  Zergling x2  
  124  8:03  Zergling x10  
  124  8:04  Hatchery  
  127  8:10  Hatchery  
  127  8:11  Evolution Chamber  
  127  8:12  Evolution Chamber, Drone x2  
  127  8:14  Overlord, Zergling x4  
  127  8:15  Zergling x2  
  130  8:22  Zergling x8  
  134  8:28  Zergling x4  
  136  8:36  Zergling x4  
  136  8:38  Queen  
  135  8:51  Hydralisk x2  
  135  8:53  Spire  
  135  8:54  Baneling x2  
  138  8:59  Drone x2  
  138  9:02  Baneling x5  
  140  9:03  Ravager  
  140  9:04  Ravager  
  140  9:05  Zergling x2  
  143  9:10  Zergling x6  
  143  9:13  Zergling x4  
  143  9:16  Baneling x4  
  148  9:19  Zergling x4  
  148  9:21  Zergling x4  
  148  9:22  Zergling x2  
Show
View Real Time Build Order
Export as new Build Order

llllllllllll Protoss - Winner!

Build Orders: 1 Gate Expand, Oracle Opening, Phoenix Opening, Chargelot Immortal 

Get SALT Encoding   

  12  0:00  Probe  
  13  0:12  Probe  
  14  0:20  Pylon  
  14  0:24  Probe  
  15  0:28  Assimilator  
  15  0:34  Probe  
  15  0:42  Probe  
  16  0:47  Gateway  
  17  0:52  Probe  
  19  1:04  Probe  
  19  1:16  Probe  
  20  1:24  Nexus  
  20  1:34  Cybernetics Core  
  20  1:37  Probe  
  21  1:42  Assimilator  
  21  1:49  Probe  
  21  1:52  Pylon  
  22  2:00  Adept  
  23  2:01  Probe  
  23  2:13  Probe  
  23  2:15  Stargate  
  26  2:23  Warp Gate  
  26  2:25  Probe  
  27  2:31  Adept  
  27  2:32  Probe  
  27  2:33  Probe  
  30  2:40  Probe  
  30  2:41  Probe  
  31  2:50  Probe  
  33  2:51  Probe  
  33  2:55  Phoenix  
  35  3:02  Probe  
  35  3:04  Probe  
  39  3:09  Pylon  
  39  3:14  Probe  
  39  3:16  Probe  
  39  3:18  Oracle  
  41  3:21  Gateway  
  41  3:26  Probe  
  42  3:28  Probe  
  46  3:39  Probe, Pylon  
  46  3:40  Assimilator, Probe  
  48  3:41  Assimilator  
  48  3:48  Oracle  
  48  3:51  Probe  
  48  3:52  Probe  
  53  3:58  Pylon  
  53  4:03  Probe  
  53  4:04  Probe  
  55  4:11  Adept  
  55  4:17  Probe x2  
  59  4:20  Robotics Facility  
  59  4:21  Pylon  
  59  4:22  Oracle  
  59  4:30  Adept  
  64  4:38  Gateway  
  64  4:41  Probe x2  
  66  4:52  Nexus  
  66  4:53  Pylon  
  66  5:02  Sentry x2  
  66  5:05  Immortal  
  66  5:06  Pylon  
  70  5:09  Probe x2  
  72  5:21  Gateway  
  76  5:23  Gateway  
  76  5:26  Probe x2  
  74  5:31  Sentry  
  74  5:32  Sentry  
  78  5:38  Probe x2  
  77  5:42  Sentry  
  77  5:44  Observer  
  80  5:50  Probe x2  
  80  5:51  Gateway  
  80  5:52  Shield Battery  
  80  5:55  Warp Prism, Forge  
  80  5:56  Twilight Council  
  80  6:01  Sentry  
  80  6:02  Zealot  
  84  6:04  Probe x2  
  84  6:05  Probe  
  89  6:16  Probe x2  
  89  6:17  Probe  
  92  6:20  Pylon  
  92  6:21  Pylon  
  92  6:22  Immortal  
  92  6:27  Assimilator  
  92  6:28  Probe, Robotics Facility  
  92  6:29  Assimilator, Probe x2  
  99  6:53  Stalker x2  
  99  6:54  Stalker x4  
  107  6:55  Charge  
  111  7:05  Pylon  
  111  7:06  Immortal  
  111  7:07  Pylon, Protoss Ground Weapons Level 1  
  111  7:09  Probe x2  
  111  7:10  Probe, Immortal  
  111  7:11  Photon Cannon  
  122  7:24  Templar Archives  
  122  7:31  Zealot x4  
  130  7:38  Zealot x2  
  130  7:42  Pylon  
  132  7:48  Immortal  
  132  7:49  Psionic Storm, Immortal  
  126  8:07  Zealot, High Templar x2  
  126  8:08  Zealot x3  
  126  8:10  Pylon  
  138  8:31  Nexus, High Templar x2  
  138  8:32  Pylon  
  137  8:41  High Templar  
  137  8:42  High Templar  
  137  8:43  Zealot x2  
  145  8:52  Gateway  
  145  8:53  Gateway  
  145  8:55  Pylon  
  145  8:58  Photon Cannon x2  
  145  9:06  Zealot x4  
  153  9:11  Probe x2  
  153  9:12  Probe  
  156  9:17  Zealot  
  152  9:24  Zealot  
  136  9:31  Archon  
  136  9:34  Zealot x4  
Tags
 
Add a new tag
Caveats
  • Supply blocks, unpowered buildings, or Contaminate may cause inaccurate times.
  • Supply counts are checked every 10 seconds.